 Dungeon Crawl Stone Soup version 0.23-a0-389-g4a5eb33 (webtiles) character file.

160 Cryolive the Digger (level 5, -1/28 HPs)
             Began as a Gargoyle Earth Elementalist on Oct 29, 2018.
             Slain by an ogre
             ... wielding a +0 giant spiked club
              (29 damage)
             ... on level 4 of the Dungeon.
             The game lasted 00:06:30 (3377 turns).

Cryolive the Digger (Gargoyle Earth Elementalist)   Turns: 3377, Time: 00:06:30

Health: -1/28      AC:  7    Str: 12    XL:     5   Next: 41%
Magic:  4/10       EV: 12    Int: 16    God:
Gold:   169        SH:  0    Dex: 10    Spells: 1/10 levels left

rFire    . . .     SeeInvis .   q - +0 falchion
rCold    . . .     Gourm    .   (no shield)
rNeg     + . .     Faith    .   c - +0 robe
rPois    ∞         Spirit   .   (no helmet)
rElec    +         Reflect  .   (no cloak)
rCorr    .         Harm     .   g - +0 pair of gloves
MR       .....                  (no boots)
Stlth    ++........             (no amulet)
HPRegen  0.09/turn              (no ring)
MPRegen  0.12/turn              (no ring)

@: very slightly contaminated
A: negative energy resistance 1, electricity resistance, unbreathing,
petrification resistance, rot immunity, AC +4
a: no special abilities


You were on level 4 of the Dungeon.
You were very hungry.

You visited 1 branch of the dungeon, and saw 4 of its levels.

You collected 169 gold pieces.

Inventory:

Hand Weapons
 q - a +0 falchion (weapon)
Missiles
 b - 77 stones (quivered)
Armour
 c - a +0 robe (worn)
 e - a +0 large shield
 g - a +0 pair of gloves (worn)
Scrolls
 a - a scroll of blinking {unknown}
 f - a scroll of identify {unknown}
 h - a scroll of enchant armour {unknown}
 i - a scroll of remove curse {unknown}
 j - 3 scrolls of magic mapping {unknown}
 k - a scroll of fog {unknown}
 n - a scroll of teleportation {unknown}
 p - a scroll of immolation {unknown}
Potions
 m - 2 potions of curing {unknown}
 o - a potion of haste {unknown}
Comestibles
 d - 2 rations


   Skills:
 - Level 1.5 Dodging
 - Level 2.1 Stealth
 + Level 0.7 Shields
 + Level 3.3 Spellcasting
 + Level 2.3 Conjurations
   Level 0.7 Transmutations
 + Level 5.2 Earth Magic


You had one spell level left.
You knew the following spells:

 Your Spells              Type           Power        Failure   Level  Hunger
a - Sandblast             Erth           ###...       2%          1    None
b - Stone Arrow           Conj/Erth      ##....       12%         3    ###....
c - Lee's Rapid Deconstr  Erth           ###.......   52%         5    ######.

Your spell library contained the following spells:

 Spells                   Type           Power        Failure   Level  Hunger
 Passwall                 Tmut/Erth      ##......     9%          2    ##.....
 Petrify                  Tmut/Erth      ##......     47%         4    ####...


Dungeon Overview and Level Annotations

Branches:
Dungeon (3/15)

Altars:
Ashenzari
Kikubaaqudgha


Innate Abilities, Weirdness & Mutations

You are resistant to torment.
Your stone body is resilient. (AC +4)
You are immune to poison.
You resist negative energy. (rN+)
You are resistant to electric shocks. (rElec)
You can survive without breathing.
You are immune to petrification.
You are immune to rotting.


Message History

Casting: Sandblast (safe; 2% risk of failure)
Confirm with . or Enter, or press ? or * to list all spells.
Aiming: Stone Arrow (safe; 12% risk of failure)
Press: ? - help, Shift-Dir - straight line, f - ogre
Aim: an ogre, wielding a +0 giant spiked club (resting)
You miscast Stone Arrow.
You are very lightly contaminated with residual magic.
Sparks fly from your hands!
The adder hisses angrily.
Casting: Stone Arrow (safe; 12% risk of failure)
Confirm with . or Enter, or press ? or * to list all spells.
Aiming: Stone Arrow (safe; 12% risk of failure)
Press: ? - help, Shift-Dir - straight line, f/p - ogre
Aim: an ogre, wielding a +0 giant spiked club (resting)
The stone arrow hits the ogre.
The ogre is heavily wounded.
The ogre shouts!
The ogre hits you with a +0 giant spiked club!!
Ouch! That really hurt!
You die...

#### ....###
PPP..#.## .
≈P.P....## ...
≈≈P.P....#....#
♣≈≈PP..@......#
♣≈♣PP.O.....###
♣≈≈≈.≈...S...#
P♣≈≈≈≈......##
PP≈≈♣.......#
PPP♣≈P........
P.P≈≈PP##......
$..≈≈≈≈ ......


You could see an ogre and an adder.

Vanquished Creatures
  A worker ant (D:2)
  5 adders
  3 worms (D:2)
  2 dart slugs
  2 leopard geckos (D:3)
  An orc (D:3)
  A ball python (D:1)
  4 bats
  7 giant cockroaches
  4 goblins
  8 hobgoblins
  6 jackals
  2 quokkas
  4 frilled lizards
  12 kobolds
  7 rats
69 creatures vanquished.

Vanquished Creatures (others)
  An adder (D:3)
  A giant cockroach (D:3)
2 creatures vanquished.

Grand Total: 71 creatures vanquished

Notes
Turn   | Place    | Note
-------+----------+-------------------------------------------
     0 | D:1      | Cryolive the Gargoyle Earth Elementalist began the quest
                  | for the Orb.
     0 | D:1      | Reached XP level 1. HP: 10/10 MP: 3/3
    87 | D:1      | Reached XP level 2. HP: 5/15 MP: 3/5
    88 | D:1      | Reached skill level 4 in Earth Magic
   669 | D:1      | Reached XP level 3. HP: 14/19 MP: 6/6
   674 | D:1      | Learned a level 3 spell: Stone Arrow
  1290 | D:2      | Reached skill level 1 in Conjurations
  1542 | D:2      | Reached XP level 4. HP: 5/24 MP: 4/8
  2143 | D:2      | Reached skill level 5 in Earth Magic
  2153 | D:2      | Reached XP level 5. HP: 10/28 MP: 0/9
  2567 | D:3      | Learned a level 5 spell: Lee's Rapid Deconstruction
  2696 | D:3      | Found a shattered altar of Ashenzari.
  3075 | D:3      | Found an ancient bone altar of Kikubaaqudgha.
  3375 | D:3      | You fall through a shaft!
  3375 | D:4      | Noticed an ogre
  3377 | D:4      | Slain by an ogre

Vault maps used:
D:1:      ncdulo_watergridlock
D:3:      cheibrodos_ashenzari_chains, kiku_gazebo_pond_becter
D:4:      minitemple, serial_bayou_lagoon_a, minmay_misc_feat_diagonals,
          fedhas_altar_4, uniq_ijyb

Skill      XL: |  1  2  3  4  5 |
---------------+----------------+-----
Earth Magic    | 4 5 |  5.2
Conjurations   | 1 2 |  2.3
Spellcasting   | 3 |  3.3
Dodging        | |  1.5
Stealth        | |  2.1
Shields        | |  0.7
Transmutations | |  0.7

Action                   |  1- 3 |  4- 6 || total
-------------------------+-------+-------++-------
Melee: Unarmed           |    14 |       ||    14
       Club              |   126 |     5 ||   131
       Whip              |       |    78 ||    78
       Mace              |       |    23 ||    23
       Falchion          |       |     4 ||     4
 Cast: Sandblast         |    16 |    21 ||    37
       Stone Arrow       |       |     1 ||     1
 Stab: Sleeping          |     5 |     3 ||     8
       Distracted        |       |     1 ||     1
  Eat: Chunk             |     2 |     5 ||     7
Armor: Robe              |    54 |    47 ||   101
Dodge: Dodged            |   104 |    83 ||   187

Table legend:
 A = Non-vault XP
 B = Vault XP
 C = Vault XP percentage of total XP
 D = Non-vault monster count
 E = Vault monster count
 F = Vault count percentage of total count
                 A         B        C        D         E       F
            +---------+---------+-------+---------+---------+-------
      Total |     229 |       0 |   0.0 |      71 |       0 |   0.0
            +---------+---------+-------+---------+---------+-------
        D:1 |      43 |       0 |   0.0 |      27 |       0 |   0.0
        D:2 |     126 |       0 |   0.0 |      22 |       0 |   0.0
        D:3 |      60 |       0 |   0.0 |      22 |       0 |   0.0
            +---------+---------+-------+---------+---------+-------
